 Dungeon Crawl Stone Soup version 0.25.0-33-gff14898491 (webtiles) character file.

Game seed: 1462065830236783635

1022 funkygono the Shield-Bearer (level 8, -3/48 HPs)
             Began as a Gargoyle Fighter on July 6, 2020.
             Splashed by a jelly's acid (6 damage)
             ... on level 5 of the Dungeon.
             The game lasted 00:09:09 (4710 turns).

funkygono the Shield-Bearer (Gargoyle Fighter)      Turns: 4710, Time: 00:09:11

Health: -3/48      AC:  1    Str: 27    XL:     8   Next: 22%
Magic:  8/8        EV:  9    Int: 10    God:
Gold:   330        SH: 11    Dex:  9    Spells: 7/7 levels left

rFire    + . .     SeeInvis .   m - +1 whip (pain)
rCold    x . .     Gourm    .   c - +0 kite shield
rNeg     + . .     Faith    .   b - +0 scale mail
rPois    ∞         Spirit   .   (no helmet)
rElec    +         Reflect  .   x - +1 cloak {rPois}
rCorr    .         Harm     .   t - +1 pair of gloves
MR       .....                  (no boots)
Stlth    ..........             (no amulet)
HPRegen  0.16/turn              o - ring of fire
MPRegen  0.11/turn              r - +6 ring of strength

@: corroded, very slightly contaminated
A: negative energy resistance 1, electricity resistance, unbreathing,
petrification resistance, rot immunity, AC +5
a: no special abilities


You were on level 5 of the Dungeon.
You were not hungry.

You visited 1 branch of the dungeon, and saw 6 of its levels.

You collected 330 gold pieces.

Inventory:

Hand Weapons
 a - a +0 flail
 m - a +1 whip of pain (weapon)
 w - a +3 quarterstaff of chaos
 G - the +7 pair of quick blades "Gyre" and "Gimble" {protect}
   (You took it off an orc on level 5 of the Dungeon)

   It grants its wielder temporary protection when it strikes (+7 to AC).
Missiles
 e - 38 arrows
 g - 207 stones (quivered)
Armour
 b - a +0 scale mail (worn)
 c - a +0 kite shield (worn)
 t - a +1 pair of gloves (worn)
 x - a +1 cloak of poison resistance (worn)
 z - a +0 chain mail
Magical Staves
 A - an uncursed staff of death
Jewellery
 n - an uncursed ring of see invisible
 o - a ring of fire (left hand)
 r - a +6 ring of strength (right hand)
Wands
 y - a wand of random effects (8)
 E - a wand of polymorph (4)
Scrolls
 h - 3 scrolls of fear
 k - a scroll of remove curse
 p - a scroll of amnesia
Potions
 d - a potion of might
 i - 2 potions of mutation
 l - 2 potions of haste
 q - a potion of ambrosia
 u - 2 potions of brilliance
 v - a potion of degeneration {unknown}
 B - 3 potions of heal wounds
 C - a potion of lignification {unknown}
Comestibles
 f - 14 rations


   Skills:
 + Level 4.2 Fighting
 + Level 5.7 Maces & Flails
 + Level 5.4 Armour
 + Level 2.0 Dodging
 + Level 1.1 Stealth
 + Level 6.3 Shields
 + Level 0.2 Evocations


You had 7 spell levels left.
You didn't know any spells.
Your spell library was empty.

Dungeon Overview and Level Annotations

Branches:
Dungeon (6/15)
 Temple: D:4-7

Altars:
Hepliaklqana


Innate Abilities, Weirdness & Mutations

You are resistant to torment.
Your stone body is resilient. (AC +5)
You are immune to poison.
You resist negative energy. (rN+)
You are resistant to electric shocks. (rElec)
You can survive without breathing.
You are immune to petrification.
You are immune to rotting.


Message History

The jelly is severely wounded.
The jelly barely misses you.
You hit the jelly.
Your hands burn!
The jelly is severely wounded.
You hit the jelly.
Your hands burn!
The jelly is severely wounded.
The jelly closely misses you.
You hit the jelly but do no damage. The acid corrodes you!
Your hands burn!
The jelly is severely wounded.
The jelly hits you.
* * * LOW HITPOINT WARNING * * *
The acid corrodes you!
You are splashed with acid!
* * * LOW HITPOINT WARNING * * *
You hit the jelly but do no damage.
Your hands burn!
* * * LOW HITPOINT WARNING * * *
The jelly is severely wounded.
The jelly hits you.
* * * LOW HITPOINT WARNING * * *
You are splashed with acid.
You die...

<.............# #.###########
..............# #............
##...######...#######..#########.
##.## #...##.........# #. #.#
####...##.####..#.#######. #.#
#.........................
#.####§###..##.####...####.....
#..§§§§§[.§.##.# #..># #.###.
#[.§.§§§§...##@# ##..# #.# #.
######§###..##J#####..# #.# #.
#§# #........##.># #.# #. #§#
##....##.....####.###. #§#
#.######............. #### #§#
#.# #.#..####..... ...# #§# #.#
##.#..###...... ##.# #§# #.#
#.............. #.#####§#
#.#####......###.....


You could see a jelly.

Vanquished Creatures
  Menkaure (D:4)
  An ogre (D:4)
  An orc warrior (D:5)
  A crimson imp (D:5)
  3 hounds
  Crazy Yiuf (D:3)
  2 orc priests
  Ijyb (D:5)
  An iguana (D:5)
  3 worker ants (D:5)
  5 orc wizards (D:5)
  A hound zombie (D:5)
  A worker ant zombie (D:5)
  9 gnolls
  5 adders
  An adder skeleton (D:4)
  A worm (D:4)
  5 dart slugs
  3 leopard geckos
  17 orcs
  A ball python (D:1)
  7 bats
  3 giant cockroaches
  3 goblins
  4 hobgoblins
  2 jackals (D:1)
  2 quokkas (D:2)
  7 frilled lizards
  6 kobolds
  A quokka skeleton (D:4)
  3 rats
102 creatures vanquished.

Notes
Turn   | Place    | Note
-------+----------+-------------------------------------------
     0 | D:1      | funkygono the Gargoyle Fighter began the quest for the Orb.
     0 | D:1      | Reached XP level 1. HP: 14/14 MP: 1/1
    30 | D:1      | Reached XP level 2. HP: 18/19 MP: 2/2
   427 | D:1      | Reached XP level 3. HP: 23/23 MP: 3/3
  1263 | D:2      | Reached XP level 4. HP: 29/29 MP: 4/4
  1272 | D:2      | Found a hazy altar of Hepliaklqana.
  1766 | D:3      | Reached skill level 4 in Shields
  1952 | D:3      | Reached skill level 1 in Dodging
  2078 | D:3      | Reached XP level 5. HP: 33/33 MP: 5/5
  2134 | D:3      | Found a runed translucent door.
  2135 | D:3      | Noticed Crazy Yiuf
  2155 | D:3      | Killed Crazy Yiuf
  2357 | D:4      | Noticed Menkaure
  2368 | D:4      | Killed Menkaure
  2368 | D:4      | Reached XP level 6. HP: 31/38 MP: 6/6
  2840 | D:4      | Reached skill level 5 in Shields
  2932 | D:4      | Reached skill level 1 in Stealth
  2932 | D:4      | Reached XP level 7. HP: 43/43 MP: 7/7
  3228 | D:5      | Entered Level 5 of the Dungeon
  3502 | D:5      | Reached skill level 5 in Armour
  3504 | D:5      | Reached skill level 5 in Maces & Flails
  3673 | D:5      | Noticed Ijyb
  3708 | D:5      | Killed Ijyb
  3856 | D:5      | Reached skill level 6 in Shields
  3868 | D:5      | Reached XP level 8. HP: 20/48 MP: 8/8
  4710 | D:5      | Splashed by a jelly's acid

Illustrated notes

Levels and vault maps discovered:
D:1:      enne_arrival_octagon_isle, layout_rooms, hangedman_decor_push
D:2:      layout_loops_cross, marbit_many_paths, first_ration
D:3:      layout_rooms, serial_glass, glass_columns_a, glass_columns_c,
          uniq_crazy_yiuf_cottage
D:4:      layout_loops_ring, uniq_menkaure
D:5:      layout_loops_ring, uniq_ijyb
D:6:      layout_cave_pools, lightli_temple_of_fire

Skill      XL: |  1  2  3  4  5  6  7  8 |
---------------+-------------------------+-----
Maces & Flails | 3 4 5 |  5.7
Shields        | 4 5 6 |  6.3
Dodging        | 1 2 |  2.0
Armour         | 4 5 |  5.4
Fighting       | 4 |  4.2
Stealth        | 1 |  1.1
Evocations     | |  0.2

Action                   |  1- 3 |  4- 6 |  7- 9 || total
-------------------------+-------+-------+-------++-------
Melee: Flail             |    47 |       |       ||    47
       Whip              |    68 |   200 |   330 ||   598
Throw: Stone             |       |       |     1 ||     1
Evoke: Wand              |       |     1 |     8 ||     9
  Use: Scroll            |     3 |     6 |     6 ||    15
       Potion            |       |       |     1 ||     1
 Stab: Invisible         |       |     1 |       ||     1
  Eat: Chunk             |     1 |     6 |     6 ||    13
Armor: Scale mail        |    54 |    69 |   102 ||   225
       Skin              |       |       |     9 ||     9
Dodge: Dodged            |    27 |    38 |    65 ||   130
Block: Kite shield       |    57 |    86 |   112 ||   255
